 Dungeon Crawl Stone Soup version 0.28.0 (webtiles) character file.

Game seed: 16146514744600149386

20 Ayyar the Skirmisher (level 3, -3/29 HPs)
             Began as a Formicid Abyssal Knight on Apr 6, 2022.
             Was a Follower of Lugonu.
             Slain by Terence (6 damage)
             ... on level 2 of the Dungeon.
             The game lasted 00:02:28 (1080 turns).

Ayyar the Skirmisher (Formicid Abyssal Knight)      Turns: 1080, Time: 00:02:29

Health: -3/29      AC:  3    Str: 19    XL:     3   Next: 0%
Magic:  4/4        EV: 11    Int:  9    God:    Lugonu [*.....]
Gold:   9          SH:  0    Dex: 11    Spells: 2/2 levels left

rFire   . . .      SeeInvis +   a - +1 spear
rCold   . . .      Faith    .   (no shield)
rNeg    . . .      Spirit   .   b - +0 leather armour
rPois   .          Reflect  .   (helmet unavailable)
rElec   .          Harm     .   (no cloak)
rCorr   .          Rampage  .   (no gloves)
Will    .....                   (no boots)
Stlth   +.........              (no amulet)
HPRegen 0.09/turn               (no ring)
MPRegen 0.09/turn               (no ring)

@: no status effects
A: permanent stasis, dig shafts and tunnels, antennae 3, four strong arms
a: Dig, Shaft Self, Renounce Religion, Depart the Abyss


You were on level 2 of the Dungeon.
You worshipped Lugonu.
Lugonu was aware of your devotion.
You visited 1 branch of the dungeon, and saw 2 of its levels.
You visited the Abyss 1 time.

You collected 9 gold pieces.

Inventory:

Hand Weapons
 a - a +1 spear (weapon)
Missiles
 c - 5 poisoned darts (quivered)
Armour
 b - a +0 leather armour (worn)
Scrolls
 d - a scroll of fear {unknown}
 e - a scroll of fog {unknown}
 f - a scroll of immolation {unknown}
 i - a scroll of brand weapon {unknown}
Potions
 g - a potion of curing {unknown}
 h - a potion of might {unknown}


   Skills:
 + Level 3.5 Fighting
 + Level 2.2 Polearms
 + Level 2.5 Armour
 + Level 1.2 Dodging
 + Level 2.5 Invocations


You had 2 spell levels left.
You didn't know any spells.
Your spell library contained the following spells:

 Spells                   Type           Power      Damage    Failure   Level
 Shock                    Conj/Air       0%         1d3       43%         1
 Slow                     Hex            0%         N/A       43%         1
 Confusing Touch          Hex            0%         N/A       82%         3
 Dazzling Flash           Conj/Hex       0%         N/A       82%         3
 Vampiric Draining        Necr           0%         2d6       82%         3
 Airstrike                Air            0%         N/A       99%         4
 Agony                    Necr           0%         N/A       100%        5
 Silence                  Hex/Air        0%         N/A       100%        5
 Swiftness                Air            Unusable   N/A       N/A         3

Dungeon Overview and Level Annotations

Branches:
Dungeon (2/15)

Altars:

Annotations:
D:2 Terence


Innate Abilities, Weirdness & Mutations

You cannot be hasted, slowed, berserked, paralysed or teleported.
You can dig through walls and to a lower floor.
You have a pair of large antennae on your head. (SInv)
Your four strong arms can wield two-handed weapons with a shield.


Message History

You sense a monster nearby.
Terence and a ball python come into view.
There are monsters nearby!
Terence shouts!
You closely miss the ball python.
The ball python bites you but does no damage.
The ball python grabs you. The ball python constricts you.
The ball python bites you but does no damage.
The ball python constricts you.
You puncture the ball python!
You kill the ball python!
Lugonu accepts your kill.
You have reached level 3!
Your experience leads to an increase in your attributes!
Increase (S)trength, (I)ntelligence, or (D)exterity?
You feel stronger. x2
You hit Terence.
Terence is lightly wounded.
Terence hits you with a +0 flail!
You hit Terence.
Terence is moderately wounded.
Terence closely misses you.
You hit Terence.
Terence is heavily wounded.
Terence hits you with a +0 flail!
You hit Terence.
Terence is severely wounded.
Terence hits you with a +0 flail!
* * * LOW HITPOINT WARNING * * *
You hit Terence but do no damage.
Terence is severely wounded.
Terence hits you with a +0 flail.
* * * LOW HITPOINT WARNING * * *
You hit Terence but do no damage.
Terence is severely wounded.
Terence barely misses you.
You barely miss Terence.
Terence is severely wounded.
Terence hits you with a +0 flail.
You die...

... { ...
#.# #!# #.#
#.## ####
##
#..###... .
##@#... #.
#@#.# #.#
#...# #..#
#.###
#..##.#
#....###
##.....# {
#.#.#....#
##.#.....##
#..#..##.#


You could see Terence.

Vanquished Creatures
  A dart slug (D:1)
  2 endoplasms (D:1)
  A giant cockroach (D:1)
  3 goblins (D:1)
  A hobgoblin (D:1)
  2 jackals (D:1)
  3 ball pythons
  2 frilled lizards (D:1)
  A kobold (D:1)
  A rat (D:1)
17 creatures vanquished.

Notes
Turn   | Place    | Note
-------+----------+-------------------------------------------
     0 | Abyss:1  | Ayyar the Formicid Abyssal Knight began the quest for the
                  | Orb.
     0 | Abyss:1  | Reached XP level 1. HP: 18/18 MP: 2/2
     7 | Abyss:2  | Found an opulent altar of Gozag.
    17 | D:1      | Escaped the Abyss
   217 | D:1      | Reached skill level 1 in Dodging
   309 | D:1      | Reached XP level 2. HP: 24/24 MP: 3/3
   486 | D:1      | Found a faded altar of an unknown god.
  1065 | D:2      | Noticed Terence
  1070 | D:2      | Reached XP level 3. HP: 28/29 MP: 4/4
  1080 | D:2      | Slain by Terence

Illustrated notes

Levels and vault maps discovered:
D:1:      evilmike_arrival_plus, layout_basic,
          shapermc_ecumenical_altar_flowoftime
D:2:      layout_rooms, minmay_pentomino_v4, uniq_terence

Skill      XL: |  1 |
---------------+----+-----
Dodging        | 1 |  1.2
Fighting       | |  3.5
Polearms       | |  2.2
Armour         | |  2.5
Invocations    | |  2.5

Action                   || total
-------------------------++-------
Melee: Spear             ||    45
       Punch             ||     1
 Stab: Sleeping          ||     1
Armor: Leather armour    ||     8
Dodge: Dodged            ||    10
